 Dungeon Crawl Stone Soup version 0.23.2-1-ga50397a (webtiles) character file.

Game seed: 14363823186247183714

133 Fortress the Skirmisher (level 4, -1/37 HPs)
             Began as a Demonspawn Abyssal Knight on June 3, 2019.
             Was a Believer of Lugonu.
             Asphyxiated
             ... on level 3 of the Dungeon.
             The game lasted 00:11:18 (2727 turns).

Fortress the Skirmisher (Demonspawn Abyssal Knight) Turns: 2727, Time: 00:11:18

Health: -1/37      AC: 12    Str: 14    XL:     4   Next: 94%
Magic:  5/5        EV:  9    Int: 13    God:    Lugonu [**....]
Gold:   89         SH:  0    Dex: 12    Spells: 3/3 levels left

rFire    . . .     SeeInvis .   a - +1 hand axe
rCold    . . .     Gourm    .   (no shield)
rNeg     . . .     Faith    .   s - +0 scale mail
rPois    .         Spirit   .   (no helmet)
rElec    .         Reflect  .   (no cloak)
rCorr    .         Harm     .   (no gloves)
MR       .....                  (no boots)
Stlth    ..........             (no amulet)
HPRegen  0.12/turn              (no ring)
MPRegen  0.09/turn              (no ring)

@: lethally poisoned (-1 -> -25), sanguine armour, slowed, very slow
A: claws 1, sanguine armour 1
a: Depart the Abyss, Bend Space, Renounce Religion


You were on level 3 of the Dungeon.
You worshipped Lugonu.
Lugonu was pleased with you.
You were not hungry.

You visited 1 branch of the dungeon, and saw 4 of its levels.
You visited the Abyss 1 time.

You collected 89 gold pieces.

Inventory:

Hand Weapons
 a - a +1 hand axe (weapon)
 b - a +0 short sword of speed
Missiles
 i - 27 poisoned needles
Armour
 e - a +1 pair of boots
 s - a +0 scale mail (worn)
Jewellery
 f - an uncursed ring of protection from fire {unknown}
Scrolls
 d - a scroll of amnesia {unknown}
 g - 2 scrolls of identify
 l - a scroll of enchant armour {unknown}
 m - a scroll of magic mapping {unknown}
 n - 2 scrolls of teleportation
 o - a scroll of fear {unknown}
 r - a scroll of remove curse {unknown}
Potions
 h - a potion of agility {unknown}
 j - 5 potions of lignification
 k - a potion of resistance {unknown}
 p - 2 potions of might {unknown}
Comestibles
 c - 3 rations


   Skills:
 + Level 4.0 Fighting
 + Level 3.5 Axes
 + Level 2.5 Armour
 - Level 0.8 Dodging
 + Level 2.4 Invocations


You had 3 spell levels left.
You didn't know any spells.
Your spell library was empty.

Dungeon Overview and Level Annotations

Branches:
Dungeon (4/15)
 Temple: D:4-7

Altars:
Dithmenos


Innate Abilities, Weirdness & Mutations

You have sharp fingernails.
When seriously injured, your bleeding wounds create armour. (AC +6)


Message History

You feel yourself slow down.
You see here a curare-tipped needle.
You feel sick.
The kobold shoots a curare-tipped needle.
The curare-tipped needle hits you.
You are lethally poisoned!
You have difficulty breathing.
* * * LOW HITPOINT WARNING * * *
You feel as though you will be slow longer.
You see here a curare-tipped needle.
You are too injured to fight recklessly!
* * * LOW HITPOINT WARNING * * *
You feel very sick.
The kobold shoots a curare-tipped needle.
The curare-tipped needle barely misses you.
The kobold shoots a curare-tipped needle.
The curare-tipped needle hits you.
You are more poisoned.
You have difficulty breathing.
You die...

..####.######.
#.....# .#
#†....######.##
##....##K.....#
#....##......#
#....##......#
#....##......#
##..###......#
##.###...@..#
#..##...(..#
#....
##.######(###
#....###..#
#...#
.....(...##
#...#
#........#
#...# #
#......#.##
#...# #
#......#..#
#.###
######...####.#
#.######..


You could see a kobold.

Vanquished Creatures
  6 adders
  3 oozes
  A worm (D:2)
  A dart slug (D:2)
  2 leopard geckos
  3 orcs (D:3)
  2 ball pythons
  A giant cockroach (D:1)
  3 goblins (D:2)
  7 hobgoblins
  6 kobolds
  9 bats
  6 frilled lizards
  9 rats
59 creatures vanquished.

Notes
Turn   | Place    | Note
-------+----------+-------------------------------------------
     0 | Abyss:1  | Fortress the Demonspawn Abyssal Knight began the quest for
                  | the Orb.
     0 | Abyss:1  | Reached XP level 1. HP: 18/18 MP: 2/2
     7 | D:1      | Escaped the Abyss
    91 | D:1      | Reached * piety under Lugonu
   394 | D:1      | Gained mutation: You have sharp fingernails. [demonic
                  | ancestry]
   394 | D:1      | Reached XP level 2. HP: 19/24 MP: 3/3
   624 | D:1      | You fall through a shaft!
  1371 | D:2      | Reached XP level 3. HP: 22/30 MP: 4/4
  1621 | D:2      | Gained mutation: When seriously injured, your bleeding
                  | wounds create armour. (AC +6) [demonic ancestry]
  1621 | D:2      | Reached XP level 4. HP: 4/37 MP: 5/5
  2551 | D:3      | Found a shadowy altar of Dithmenos.
  2588 | D:3      | Reached ** piety under Lugonu
  2675 | D:3      | Reached skill level 4 in Fighting
  2727 | D:3      | Asphyxiated

Skill      XL: |  1  2  3  4 |
---------------+-------------+-----
Axes           | 2 3 |  3.5
Armour         | 2 |  2.5
Fighting       | 4 |  4.0
Dodging        | |  0.8
Invocations    | |  2.4

Action                   |  1- 3 |  4- 6 || total
-------------------------+-------+-------++-------
Melee: Hand axe          |   103 |    82 ||   185
Invok: Depart the Abyss  |     1 |       ||     1
  Use: Scroll            |       |     3 ||     3
       Potion            |       |     1 ||     1
 Stab: Sleeping          |     2 |     1 ||     3
  Eat: Chunk             |     2 |     1 ||     3
       Ration            |       |     1 ||     1
Armor: Leather armour    |    30 |    10 ||    40
       Ring mail         |       |    20 ||    20
Dodge: Dodged            |    72 |    56 ||   128
